 Dungeon Crawl Stone Soup version 0.31-a0-204-g7da18cac08 (webtiles) character file.

Game seed: 612895136581073971

144 Freyya the Chopper (level 5, -2/45 HPs)
             Began as a Minotaur Berserker on June 27, 2023.
             Was a Believer of Trog.
             Slain by an ice beast (12 damage)
             ... on level 4 of the Dungeon.
             The game lasted 00:07:55 (1727 turns).

Freyya the Chopper (Minotaur Berserker)             Turns: 1727, Time: 00:07:55

Health: -2/45      AC:  6    Str: 23    XL:     5   Next: 5%
Magic:  4/4        EV: 10    Int:  4    God:    Trog [**....]
Gold:   66         SH:  0    Dex: 10    Spells: 4/4 levels left

rFire   . . .        a - +0 hand axe
rCold   . . .        (no shield)
rNeg    . . .        g - +0 scale mail
rPois   .            (helmet restricted)
rElec   .            (no cloak)
rCorr   .            (no gloves)
SInv    .            (no boots)
Will    ++...        (no amulet) Stlth
                     (no ring)
HPRegen 1.27/turn    (no ring)
MPRegen 0.09/turn

%: no passive effects
@: strong-willed, regenerating
A: horns 2, retaliatory headbutt
a: Renounce Religion, Berserk, Trog's Hand


You were on level 4 of the Dungeon.
You worshipped Trog.
Trog was pleased with you.
You visited 1 branch of the dungeon, and saw 4 of its levels.

You collected 66 gold pieces.

Inventory:

Hand Weapons
 a - a +0 hand axe (weapon)
Armour
 b - a +0 animal skin
 f - a +0 ring mail
 g - a +0 scale mail (worn)
Wands
 n - a wand of iceblast (9)
Scrolls
 c - a scroll of teleportation {unknown}
 d - a scroll of enchant armour {unknown}
 h - 4 scrolls of identify {unknown}
 i - a scroll of enchant weapon {unknown}
 k - a scroll of revelation {unknown}
 l - a scroll of immolation {unknown}
Potions
 e - a potion of brilliance {unknown}
 j - a potion of heal wounds {unknown}
 m - a potion of magic {unknown}
 o - a potion of resistance


   Skills:
 - Level 3.6 Fighting
 + Level 7.0 Axes
 - Level 2.4 Armour
 - Level 2.1 Dodging


You had 4 spell levels left.
You didn't know any spells.
Your spell library was empty.

Dungeon Overview and Level Annotations

Branches:
Dungeon (4/15)
 Temple: D:4-7

Altars:
Uskayaw

Shops:
D:1 [

Annotations:
D:4 1 transporter


Innate Abilities, Weirdness & Mutations

You have a pair of horns on your head.
You reflexively headbutt those who attack you in melee.


Message History

The ice beast is lightly wounded.
The ice beast completely misses you.
You hit the ice beast.
The ice beast is lightly wounded.
You closely miss the ice beast. The ice beast hits you.
The ice beast freezes you! The ice beast barely misses you.
You furiously retaliate!
You headbutt the ice beast!
Your skin crawls.
You feel strong-willed.
The ice beast hits you but does no damage. x2
You hit the ice beast.
The ice beast is moderately wounded.
You barely miss the ice beast. The ice beast barely misses you.
The ice beast completely misses you.
You hit the ice beast.
The ice beast is moderately wounded.
You closely miss the ice beast.
The ice beast hits you but does no damage.
The ice beast hits you. The ice beast freezes you!
* * * LOW HITPOINT WARNING * * *
The ice beast attacks as you move away! The ice beast barely misses you.
You hit the ice beast but do no damage. You headbutt the ice beast!
The ice beast is heavily wounded.
You barely miss the ice beast. The ice beast barely misses you.
You furiously retaliate!
You headbutt the ice beast!
The ice beast hits you but does no damage.
You barely miss the ice beast. You headbutt the ice beast.
The ice beast is almost dead.
You hit the ice beast but do no damage. The ice beast misses you.
The ice beast closely misses you. You furiously retaliate!
You headbutt the ice beast. You hit the ice beast but do no damage.
The ice beast is almost dead.
You barely miss the ice beast. The ice beast hits you.
The ice beast freezes you.
* * * LOW HITPOINT WARNING * * *
The ice beast hits you.
* * * LOW HITPOINT WARNING * * *
The ice beast freezes you!
You die...

#......##...............
#.....###.#####†........
#.....# #†......©..###.
....### #.###########
###.#####.# #☼.°○°.°# #
#.....).# #○°☼°☼○○#
###..#.##.# #°°#©#☼°#
.....#.##.# #°°...°°#
#......##.# #°.#@#.°#
###..####.# #○○YY.☼○#
###.......# ###○○°###
.....###### ○°☼○.○.
###### #°○°○°.☼°○#
#○☼°...☼°°# #°°.$?$°☼°#
#☼☼☼$©?☼°°# ###########


You could see 2 ice beasts.

Vanquished Creatures
  An orc priest (D:3)
  2 orc wizards (D:3)
  An adder (D:4)
  A worm (D:2)
  6 orcs (D:3)
  8 bats
  5 endoplasms
  4 goblins
  4 hobgoblins
  2 kobolds
  7 ball pythons
  3 frilled lizards
  3 rats
47 creatures vanquished.

Notes
Turn   | Place    | Note
-------+----------+-------------------------------------------
     0 | D:1      | Freyya the Minotaur Berserker began the quest for the Orb.
     0 | D:1      | Reached XP level 1. HP: 19/19 MP: 0/0
   104 | D:1      | Reached skill level 4 in Axes
   258 | D:1      | Reached XP level 2. HP: 26/26 MP: 1/1
   437 | D:1      | Found Cyphadom's Armour Emporium.
   650 | D:2      | Reached skill level 5 in Axes
   714 | D:2      | Reached XP level 3. HP: 29/31 MP: 2/2
   747 | D:2      | Reached ** piety under Trog
   753 | D:2      | Found a faded altar of an unknown god.
  1025 | D:3      | Reached XP level 4. HP: 39/39 MP: 3/3
  1118 | D:3      | Reached skill level 6 in Axes
  1164 | D:3      | Found a hide-covered altar of Uskayaw.
  1681 | D:4      | Found a transporter.
  1692 | D:4      | Reached skill level 7 in Axes
  1692 | D:4      | Reached XP level 5. HP: 44/45 MP: 4/4
  1714 | D:4      | Found a transporter.
  1714 | D:4      | Noticed an ice beast
  1714 | D:4      | Noticed an ice beast
  1727 | D:4      | Slain by an ice beast

Illustrated notes

Levels and vault maps discovered:
D:1:      dpeg_arrival_pits, layout_loops_cross, serial_shops,
          nicolae_shop_advertising_works [nicolae_subvault_shop_adworks]
D:2:      layout_rooms, nicolae_ecumenical_snake_handling, grunt_decor_junction
D:3:      layout_rooms, nicolae_uskayaw_murder_on_the_dancefloor, nicolae_titane
D:4:      gammafunk_cloud_chamber, layout_loops_cross

Skill      XL: |  1  2  3  4 |
---------------+-------------+-----
Axes           | 4 5 7 |  7.0
Fighting       | |  3.6
Armour         | |  2.4
Dodging        | |  2.1

Action                     |  1- 3 |  4- 6 || total
---------------------------+-------+-------++-------
  Melee: Hand axe          |    71 |    67 ||   138
         Headbutt          |     6 |     6 ||    12
 Invoke: Berserk           |     1 |       ||     1
         Trog's Hand       |       |     1 ||     1
   Stab: Sleeping          |     1 |       ||     1
 Armour: Animal skin       |    10 |       ||    10
         Ring mail         |     2 |       ||     2
         Scale mail        |    22 |    29 ||    51
  Dodge: Dodged            |    49 |    30 ||    79

Table legend: (Time is in decaauts)
 A = Elapsed time spent in this place.
 B = Non-inter-level travel time spent in this place.
 C = Inter-level travel time spent in this place.
 D = Time resting spent in this place.
 E = Time spent auto-exploring this place.
 F = Levels seen in this place.
 G = Mean time per level.
                   A        B        C        D        E       F      G
               +--------+--------+--------+--------+--------+-----+--------+
         Total |   1734 |   1576 |    158 |    110 |   1062 |   4 |  433.5 |
       Dungeon |   1734 |   1576 |    158 |    110 |   1062 |   4 |  433.5 |
               +--------+--------+--------+--------+--------+-----+--------+

Top non-repeatable levels by time:
     D:3: 660 daAuts
     D:1: 603 daAuts
     D:2: 379 daAuts
     D:4: 90 daAuts
